Cogmind - Beta 11.1 @@@ ROGUE MODE // 2022.06.01 @ 21:06:10 Player: Demise Result: Destroyed by H-66 Slayer with Heavy Assault Rifle Performance ------------- Evolutions (3) 1500 Regions Visited (10) 2000 Robots Destroyed (229) 1145 Value Destroyed (7157) 7157 Prototype IDs (38) 760 Alien Tech Used (0) 0 Bonus (3334) 3334 TOTAL SCORE: 15896 Bonus ------- Triggered High Security 500 High Alert Combat Kills 3118 Follower Combat Kills 1091 Met Data Miner 300 Friendly Fire -1675 Cogmind --------- Core Integrity 0/700 Matter 280/300 Energy 97/100 System Corruption 16% Temperature Cool (0) Movement Rolling (145) Ox3 Location -6/Proximity Caves Parts ------- > --- POWER (1) -------- (None) > --- PROPULSION (2) --- Armored Huge Wheel > --- UTILITY (8) ------ Huge Storage Unit Advanced Visual Processing Unit Improved Sensor Array Improved Signal Interpreter Improved Targeting Computer Hacking Suite > --- WEAPON (2) ------- Precision Assault Rifle Power Maul > --- INVENTORY (25) --- Advanced Energy Well (500) Trap Scanner Seismic Detector Hacking Suite System Shield System Shield System Shield 01-MTF's Autohacker Long-range Tractor Beam Improved Trap Extractor (3/6 Proton Bomb) Improved Recalibrator Improved Datajack Heavy Mace Peak State ------------ > --- POWER ------------ Improved Deuterium Engine > --- PROPULSION ------- Armored Huge Wheel > --- UTILITY ---------- Huge Storage Unit Trap Scanner Advanced Visual Processing Unit Improved Medium Armor Plating Hacking Suite Hacking Suite System Shield System Restoration Module > --- WEAPON ----------- High-powered Field Laser Enhanced Autogun > --- INVENTORY -------- Armored Huge Wheel Cooling System Advanced Energy Well Improved Sensor Array Improved Signal Interpreter Seismic Detector Energy Filter Energy Filter Core Shielding Core Shielding Hacking Suite System Shield System Shield 01-MTF's Autohacker Long-range Tractor Beam Improved Trap Extractor Improved Recalibrator Precision Assault Rifle Advanced EMP Blaster Advanced EMP Blaster Advanced EMP Blaster Heavy Missile Launcher Improved Datajack Power Maul [Rating: 54] Favorites ----------- Power Improved Deuterium Engine Engine Improved Deuterium Engine Power Core Light Nuclear Core Propulsion Armored Huge Wheel Wheel Armored Huge Wheel Hover Unit Aerolev Unit Flight Unit Improved VTOL Module Utility Huge Storage Unit Device Seismic Detector Storage Huge Storage Unit Processor Advanced Visual Processing Unit Hackware Hacking Suite Protection Core Shielding Weapon Enhanced Autogun Energy Gun Spread Laser Energy Cannon Advanced Beam Cannon Ballistic Gun Enhanced Autogun Launcher Advanced EMP Blaster Impact Weapon Power Maul Slashing Weapon Katana Special Melee Weapon Datajack Build | -11 -10 -10 -10 -9 -8 -8 -7 -7 -7 -6 ------- Run | Scr Mat Min Exi Min Mat Sto Fac Low Dat Pro Slots Evolved 6 | . . . . . 4 . 2 . . . Power . | . . . . . . . . . . . Propulsion . | . . . . . . . . . . . Utility 6 | . . . . . 4 . 2 . . . Weapon . | . . . . . . . . . . . Parts Attached 278 | 7 13 7 7 4 64 31 135 3 . 7 Power 17 | 1 3 1 . . 5 1 5 . . 1 Engine 13 | 1 1 1 . . 4 1 4 . . 1 Core 4 | . 2 . . . 1 . 1 . . . Reactor . | . . . . . . . . . . . Propulsion 21 | 2 2 2 1 . 5 6 3 . . . Treads . | . . . . . . . . . . . Leg . | . . . . . . . . . . . Wheel 19 | 2 2 2 1 . 5 4 3 . . . Hover 1 | . . . . . . 1 . . . . Flight 1 | . . . . . . 1 . . . . Utility 144 | 2 5 4 3 3 27 8 87 3 . 2 Device 72 | 1 3 4 1 3 8 3 46 1 . 2 Storage 8 | 1 2 . 1 . . 2 2 . . . Processor 5 | . . . . . 1 1 1 2 . . Hackware 6 | . . . . . . . 6 . . . Protection 53 | . . . 1 . 18 2 32 . . . Artifact . | . . . . . . . . . . . Weapon 96 | 2 3 . 3 1 27 16 40 . . 4 Energy Gun 12 | 2 3 . 2 1 3 . 1 . . . Energy Cannon 1 | . . . . . . 1 . . . . Ballistic Gun 47 | . . . . . 19 9 17 . . 2 Ballistic Cannon . | . . . . . . . . . . . Launcher 19 | . . . . . 3 1 14 . . 1 Special Weapon . | . . . . . . . . . . . Impact Weapon 7 | . . . . . 1 . 5 . . 1 Slashing Weapon 7 | . . . . . 1 3 3 . . . Piercing Weapon . | . . . . . . . . . . . Special Melee Weapon 3 | . . . 1 . . 2 . . . . Unidentified Prototypes 10 | . . . . . 4 4 2 . . . Corrupted Parts 1 | . . . . . . . 1 . . . System Corruption 9 | . . . . . . . 9 . . . Parts Lost 37 | . 1 . . . 15 . 14 . . 7 Power 6 | . 1 . . . 1 . 2 . . 2 Propulsion 4 | . . . . . 3 . 1 . . . Utility 14 | . . . . . 4 . 7 . . 3 Weapon 13 | . . . . . 7 . 4 . . 2 Highest Loss Streak 5 | . 1 . . . 3 . 4 . . 5 To Critical Strikes . | . . . . . . . . . . . Average Slot Usage (%) 91 | . 98 100 100 100 87 89 91 92 76 77 Engine 7 | . 7 14 14 14 7 8 6 7 7 6 Wheel 12 | . 27 28 28 28 10 9 6 7 7 7 Device 12 | . 12 14 14 14 11 17 10 15 15 12 Storage 9 | . 14 14 14 14 9 9 7 14 7 7 Processor 5 | . . . . . 6 . 7 15 23 23 Hackware 8 | . . . . . . . 19 7 7 7 Protection 13 | . . . . . 22 26 13 7 7 . Energy Gun 5 | . 27 28 16 25 1 . . . . . Ballistic Gun 9 | . . . . . 16 17 8 15 . 7 Launcher 1 | . . . . . . . 3 . . . Naked Turns . | . . . . . . . . . . . Heaviest Build 121 | 13 92 96 96 96 116 116 121 104 94 98 Greatest Support 32 | 32 32 26 20 20 28 28 28 28 28 28 Greatest Overweight (x) 34 | . 5 4 4 4 34 4 4 3 3 3 Average Overweight (x) 3 | . 2 3 4 4 4 3 3 3 3 3 Largest Inventory Capacity 25 | 8 25 25 25 25 25 25 25 25 25 25 Average Capacity 24 | 7 24 25 25 25 25 25 25 25 25 25 Most Carried 25 | 7 25 25 25 25 25 25 25 13 15 14 Average Carried 22 | 2 18 24 24 24 24 24 23 12 14 13 Final Capacity 25 | 8 25 25 25 25 25 25 25 25 25 25 Final Carried 25 | 7 25 25 25 25 25 25 14 13 15 13 Class Distribution -------------------- 52% | Mutant 34% | Hacker-Mutant 6% | Scavenger-Mutant 3% | Skirmisher Dominant Class ---------------- Mutant | -10/Materials Mutant | -10/Mines Mutant | -10/Exiles Mutant | -9/Mines Mutant | -8/Materials Mutant | -8/Storage Hacker-Mutant | -7/Factory Skirmisher | -7/Lower Caves Mutant | -7/Data Miner Assassin | -6/Proximity Caves Resources | -11 -10 -10 -10 -9 -8 -8 -7 -7 -7 -6 ----------- Run | Scr Mat Min Exi Min Mat Sto Fac Low Dat Pro Matter Collected 6622 | 270 121 70 50 50 1791 609 3410 53 . 198 Remotely 2415 | . . . . . . 95 2291 . . 29 Salvage Created 11256 | 233 728 91 . . 2698 469 6896 . . 141 Parts 513 | 22 60 10 . . 143 24 246 . . 8 Haulers Intercepted 8 | . 2 . . . 4 2 . . . . Recyclers Shooed 6 | 1 . . . . 1 . 4 . . . Parts Field Recycled . | . . . . . . . . . . . Retrieved Matter . | . . . . . . . . . . . Parts Self-Destructed 15 | . . . . . . . . . . 15 Prevented 3 | . . . . . . . . . . 3 Kills | -11 -10 -10 -10 -9 -8 -8 -7 -7 -7 -6 ------- Run | Scr Mat Min Exi Min Mat Sto Fac Low Dat Pro Combat Hostiles Destroyed 160 | . 21 6 . . 47 4 79 . . 3 Guns 98 | . 21 6 . . 47 4 17 . . 3 AOE 44 | . . . . . . . 44 . . . Classes Destroyed 16 | 3 5 . . . 6 . 2 . . . Worker 27 | 2 1 2 . . 8 1 13 . . . Builder 20 | . . . . . 1 1 18 . . . Tunneler 6 | 5 . . . . . . 1 . . . Hauler 8 | . 2 . . . 4 2 . . . . Recycler 7 | 1 . . . . . . 6 . . . Mechanic 7 | . . . . . 1 . 6 . . . Operator 3 | . 2 . . . 1 . . . . . Watcher 8 | . 2 . . . 3 1 2 . . . Swarmer 15 | . 5 6 . . 3 . . . . 1 Grunt 89 | . 16 . . . 29 2 41 . . 1 Brawler 9 | . . . . . . . 9 . . . Duelist 7 | . . . . . 2 . 5 . . . Protector 4 | . . . . . 1 . 3 . . . Sentry 14 | . . . . . 9 2 2 . . 1 Hunter 13 | . . . . . 3 . 10 . . . Programmer 9 | . . . . . . . 9 . . . Best Kill Streak 9 | 6 6 3 . . 6 2 9 . . 3 Combat Bots Only 8 | . 3 3 . . 6 1 8 . . 3 Max Kills in Single Turn 3 | 1 2 1 . . 1 2 3 . . 1 Gunslinging . | . . . . . . . . . . . Exploded 3 | . . . . . . . 3 . . . Melee . | . . . . . . . . . . . Uniques/NPCs Destroyed 1 | . . . . . . 1 . . . . 01-MTF (-8/Storage) Combat | -11 -10 -10 -10 -9 -8 -8 -7 -7 -7 -6 -------- Run | Scr Mat Min Exi Min Mat Sto Fac Low Dat Pro Damage Taken 8625 | . 450 163 . 6 3855 211 3428 . . 512 Core 1286 | . 173 51 . . 352 . 557 . . 153 Absorbed by Shields 298 | . . . . . 260 38 . . . . Redirected to Shielding 230 | . . . . . 75 54 97 . . 4 Regen/Repaired (Parts) 484 | . 2 . . . 242 240 . . . . Core Remaining (%) 48 | 100 . . . 10 . 36 . . . . Volleys Fired 672 | 15 49 12 . . 227 37 320 . . 12 Largest 2 | 2 2 2 . . 2 2 2 . . 2 Hottest 130 | 80 130 130 . . 130 50 64 . . 53 Shots Fired 1089 | 30 98 24 . . 447 74 400 1 . 15 Gun 859 | 30 98 24 . . 441 74 176 1 . 15 Cannon . | . . . . . . . . . . . Launcher 230 | . . . . . 6 . 224 . . . Special . | . . . . . . . . . . . Kinetic 683 | . . . . . 417 74 176 1 . 15 Thermal 176 | 30 98 24 . . 24 . . . . . Explosive 11 | . . . . . 6 . 5 . . . Electromagnetic 219 | . . . . . . . 219 . . . Robot Hit Streak 30 | 7 10 4 . . 30 13 15 . . 20 Robot Miss Streak 13 | 2 6 10 . . 13 3 4 . . . Penetration Max . | . . . . . . . . . . . Secondary Targets 7 | . 1 1 . . 2 . 2 . . 1 Max Gunslinging Chain 1 | . 1 1 . . 1 . 1 . . 1 Shots Hit Robots 704 | 21 84 21 4 1 325 56 178 . . 14 Core Hits 540 | 9 110 21 . . 164 18 213 . . 5 Critical Kills 3 | . . . . . 2 1 . . . . Critical Parts Destroyed 9 | . . . . . 6 . 3 . . . Critical Strikes 12 | . . . . . 8 1 3 . . . Destroy 10 | . . . . . 8 1 1 . . . Smash 2 | . . . . . . . 2 . . . Melee Attacks 47 | . . . 4 1 1 7 29 . . 5 Impact 19 | . . . . . 1 . 13 . . 5 Slashing 21 | . . . . . . 5 16 . . . Piercing . | . . . . . . . . . . . Sneak Attacks 14 | . . . 4 1 . 4 5 . . . Combat Hostiles . | . . . . . . . . . . . Follow-up Attacks . | . . . . . . . . . . . Damage Inflicted 19511 | 220 1086 227 . . 4684 1064 11968 . . 262 Guns 9780 | 220 1072 227 . . 4618 942 2439 . . 262 Cannons . | . . . . . . . . . . . Explosions 9149 | . . . . . 66 . 9083 . . . Melee 568 | . . . . . . 122 446 . . . Ramming 14 | . 14 . . . . . . . . . Kinetic 7962 | . . . . . 4319 942 2439 . . 262 Thermal 2792 | 220 1072 227 . . 299 . 974 . . . Explosive 496 | . . . . . 66 . 430 . . . Electromagnetic 7679 | . . . . . . . 7679 . . . Impact 240 | . . . . . . . 240 . . . Slashing 328 | . . . . . . 122 206 . . . Piercing . | . . . . . . . . . . . Highest Corruption 16 | . . . . . . . 16 16 16 16 Average Corruption 5 | . . . . . . . 3 16 16 16 Corruption Purged 5 | . . . . . . . 5 . . . Corruption Blocked . | . . . . . . . . . . . Effects 147 | . . . . . . . 104 18 4 21 Message Errors 31 | . . . . . . . 21 3 1 6 Matter Fused 40 | . . . . . . . 24 10 2 4 Heat Flow Errors 16 | . . . . . . . 12 1 . 3 Energy Discharges 19 | . . . . . . . 16 . . 3 Parts Rejected 1 | . . . . . . . 1 . . . Data Loss (minor) 16 | . . . . . . . 9 3 1 3 Data Loss (major) 8 | . . . . . . . 7 . . 1 Misfires 5 | . . . . . . . 3 1 . 1 Alerts 4 | . . . . . . . 4 . . . Weapon Failures 7 | . . . . . . . 7 . . . Overload Shots . | . . . . . . . . . . . Overflow Damage 461 | . . . . . 45 34 382 . . . Projectiles . | . . . . . . . . . . . Explosions 187 | . . . . . 45 . 142 . . . Melee 274 | . . . . . . 34 240 . . . Knockbacks 1 | . . . . . . . 1 . . . Impact 1 | . . . . . . . 1 . . . Kinetic . | . . . . . . . . . . . Secondary . | . . . . . . . . . . . Self-Inflicted Damage 205 | . 6 . . . 78 . 121 . . . Shots 11 | . . . . . 2 . 9 . . . Rammed 2 | . 2 . . . . . . . . . Targets Rammed 2 | . 2 . . . . . . . . . Kicked . | . . . . . . . . . . . Crushed . | . . . . . . . . . . . Highest Temperature 336 | 90 231 90 . . 315 118 336 136 . 206 Average Temperature 51 | 30 64 43 . . 34 30 59 87 . 95 Received Heat Transfer 2621 | . 222 . . . 1502 21 741 . . 135 Effects 5 | . . . . . . . 5 . . . Interference 5 | . . . . . . . 5 . . . Siege Activations . | . . . . . . . . . . . Robots Corrupted 19 | . . . . . . . 19 . . . Combat Hostiles 18 | . . . . . . . 18 . . . Parts Fried 49 | . . . . . . . 49 . . . Impact Corruptions 6 | . . . . . . . 6 . . . Robots Melted . | . . . . . . . . . . . Combat Hostiles . | . . . . . . . . . . . Parts Melted 6 | 3 1 1 . . . . 1 . . . Heat Transferred 3830 | 500 1470 290 . . 370 . 1200 . . . Parts Sabotaged . | . . . . . . . . . . . Parts Stolen . | . . . . . . . . . . . Parts Stripped . | . . . . . . . . . . . Power Chain Reactions 31 | . . . . . . . 31 . . . Missiles Intercepted . | . . . . . . . . . . . Alert | -11 -10 -10 -10 -9 -8 -8 -7 -7 -7 -6 ------- Run | Scr Mat Min Exi Min Mat Sto Fac Low Dat Pro Peak Influence 2514 | 40 385 220 . 100 767 1182 2514 . . . Initial 469 | . 26 150 . . . 323 469 . . . Average 526 | 18 153 104 . 10 287 676 831 . . . Maximum Alert Level 5 | . 1 1 . . 3 4 5 . . . Low Security (%) 29 | 100 72 62 . 100 53 . . . . . Level 1 23 | . 27 37 . . 13 22 29 . . . Level 2 21 | . . . . . 21 34 29 . . . Level 3 11 | . . . . . 11 34 13 . . . Level 4 5 | . . . . . . 8 11 . . . Level 5 4 | . . . . . . . 8 . . . High Security 2 | . . . . . . . 6 . . . Max Security . | . . . . . . . . . . . Sterilizations 1 | . . . . . 1 . . . . . Squads Dispatched 70 | . 7 . . . 14 9 40 . . . Investigation 16 | . 5 . . . 4 3 4 . . . Extermination 8 | . . . . . . . 8 . . . Reinforcement 17 | . 2 . . . 4 2 9 . . . Assault 22 | . . . . . 2 1 19 . . . Garrison 7 | . . . . . 4 3 . . . . Intercept . | . . . . . . . . . . . Searches Triggered . | . . . . . . . . . . . Construction Impeded 12 | . . . . . 2 1 9 . . . Haulers Reinforced . | . . . . . . . . . . . Active Scanning Responses . | . . . . . . . . . . . Cargo Convoy Interrupts . | . . . . . . . . . . . Stealth | -11 -10 -10 -10 -9 -8 -8 -7 -7 -7 -6 --------- Run | Scr Mat Min Exi Min Mat Sto Fac Low Dat Pro Distress Signals 13 | . 4 . . . 7 1 1 . . . Communications Jammed . | . . . . . . . . . . . Distress Signals . | . . . . . . . . . . . Times Spotted 289 | . 30 7 . 3 73 36 128 . . 12 Peak Tracking Total 12 | . 4 3 . 4 9 5 12 . . 9 Tactical Retreats 12 | . . 1 . . 4 1 3 . . 3 Traps | -11 -10 -10 -10 -9 -8 -8 -7 -7 -7 -6 ------- Run | Scr Mat Min Exi Min Mat Sto Fac Low Dat Pro Traps Triggered 10 | . 1 1 . . 2 4 2 . . . Indirectly 1 | . . . . . . . 1 . . . Trap Hack Attempts 9 | . . . . . . 9 . . . . Triggered . | . . . . . . . . . . . Disarmed 1 | . . . . . . 1 . . . . Reprogrammed 4 | . . . . . . . 4 . . . Reused . | . . . . . . . . . . . Traps Extracted 3 | . . . . . . . 3 . . . Installed . | . . . . . . . . . . . Triggered 3 | . . . . . . . . 1 . 2 Most Traps Carried 3 | . . . . . . . 3 3 3 3 Exploded 3 | . . . . . 3 . . . . . Machines | -11 -10 -10 -10 -9 -8 -8 -7 -7 -7 -6 ---------- Run | Scr Mat Min Exi Min Mat Sto Fac Low Dat Pro Machines Disabled 35 | . . . . . . 9 26 . . . Max in Single Turn 4 | . . . . . . 1 4 . . . Garrison Access 1 | . . . . . . . 1 . . . Machines Sabotaged . | . . . . . . . . . . . Garrisons Compromised . | . . . . . . . . . . . Overloaded Fab Kills . | . . . . . . . . . . . Hacking | -11 -10 -10 -10 -9 -8 -8 -7 -7 -7 -6 --------- Run | Scr Mat Min Exi Min Mat Sto Fac Low Dat Pro Machines Accessed 56 | . 8 1 1 . 13 12 17 . 4 . Terminals 30 | . 5 . . . 9 7 9 . . . Fabricators 4 | . . . . . . . 4 . . . Repair Stations 4 | . 1 . . . 1 2 . . . . Recycling Units 7 | . 2 . . . 1 2 2 . . . Scanalyzers 1 | . . . . . 1 . . . . . Garrison Access 4 | . . . . . 1 1 2 . . . Total Hacks 200 | . 30 1 1 . 42 40 58 . 28 . Successful 129 | . 17 1 1 . 24 23 35 . 28 . Failed 70 | . 12 . . . 18 17 23 . . . Catastrophic 13 | . 1 . . . 2 3 7 . . . Database Lockouts 1 | . 1 . . . . . . . . . Manual 123 | . 26 . . . 32 26 39 . . . Terminals 116 | . 24 . . . 32 29 31 . . . Fabricators 18 | . . . . . . . 18 . . . Repair Stations 10 | . 2 . . . 3 5 . . . . Recycling Units 14 | . 4 . . . 1 5 4 . . . Scanalyzers 4 | . . . . . 4 . . . . . Garrison Access 8 | . . . . . 2 1 5 . . . Terminal Hacks 58 | . 4 1 1 . 5 8 11 . 28 . Record 12 | . . . 1 . . . . . 11 . Part Schematic 14 | . . . . . . 2 1 . 11 . Robot Schematic 4 | . . . . . . . 1 . 3 . Robot Analysis 5 | . 1 . . . 2 . 2 . . . Prototype ID Bank 3 | . . . . . . . . . 3 . Open Door 1 | . . 1 . . . . . . . . Level Access Points 2 | . 1 . . . . 1 . . . . Branch Access Points 3 | . 1 . . . 1 . 1 . . . Machine Index 1 | . . . . . . . 1 . . . Terminal Index 4 | . 1 . . . 1 1 1 . . . Fabricator Index 1 | . . . . . . . 1 . . . Unreport Threat 2 | . . . . . . 2 . . . . Locate Traps 1 | . . . . . . 1 . . . . Reprogram Traps 1 | . . . . . . . 1 . . . Recall Investigation 3 | . . . . . . 1 2 . . . Hauler Manifests 1 | . . . . . 1 . . . . . Fabricator Hacks 7 | . . . . . . . 7 . . . Load Schematic 4 | . . . . . . . 4 . . . Build 3 | . . . . . . . 3 . . . Repair Station Hacks 8 | . 2 . . . 2 4 . . . . Scan Component 4 | . 1 . . . 1 2 . . . . Repair 4 | . 1 . . . 1 2 . . . . Recycling Unit Hacks 6 | . 2 . . . 1 1 2 . . . Retrieve Components 6 | . 2 . . . 1 1 2 . . . Scanalyzer 4 | . . . . . 4 . . . . . Insert Component 2 | . . . . . 2 . . . . . Analyze 2 | . . . . . 2 . . . . . Garrison Access Hacks 1 | . . . . . . . 1 . . . Seal Access 1 | . . . . . . . 1 . . . Unauthorized Hacks 45 | . 9 . . . 12 10 14 . . . Terminals 32 | . 7 . . . 10 8 7 . . . Assimilate 1 | . 1 . . . . . . . . . Botnet 26 | . 4 . . . 9 7 6 . . . Detonate 1 | . 1 . . . . . . . . . Disrupt 1 | . . . . . 1 . . . . . Operators 3 | . 1 . . . . 1 1 . . . Fabricators 4 | . . . . . . . 4 . . . Fabnet 3 | . . . . . . . 3 . . . Haulers 1 | . . . . . . . 1 . . . Repair Stations . | . . . . . . . . . . . Recycling Units 5 | . 2 . . . . 1 2 . . . Recyclers 2 | . . . . . . 1 1 . . . Mask 1 | . . . . . . . 1 . . . Tunnel 2 | . 2 . . . . . . . . . Scanalyzers . | . . . . . . . . . . . Garrison Access 4 | . . . . . 2 1 1 . . . Reprogram 2 | . . . . . 1 1 . . . . Watchers 2 | . . . . . 1 . 1 . . . Data Cores Recovered . | . . . . . . . . . . . Used . | . . . . . . . . . . . Hacking Detections 43 | . 7 . . . 10 9 17 . . . Full Trace Events 12 | . 4 . . . 2 2 4 . . . Feedback Events . | . . . . . . . . . . . Feedback Blocked . | . . . . . . . . . . . Robot Schematics Acquired 4 | . . . . . . . 1 . 3 . Robots Built . | . . . . . . . . . . . Authchips . | . . . . . . . . . . . Time . | . . . . . . . . . . . Total Robot Build Rating . | . . . . . . . . . . . Part Schematics Acquired 16 | . . . . . 2 2 1 . 11 . Parts Built 4 | . . . . . . . 4 . . . Authchips 2 | . . . . . . . 2 . . . Time 188 | . . . . . . . 188 . . . Total Part Build Rating 14 | . . . . . . . 14 . . . Parts Repaired 4 | . 1 . . . 1 2 . . . . Time 152 | . 26 . . . 38 88 . . . . Parts Recycled . | . . . . . . . . . . . Recycled Matter . | . . . . . . . . . . . Retrieved Matter . | . . . . . . . . . . . Retrieved Components 34 | . 11 . . . 10 10 3 . . . Parts Scanalyzed 2 | . . . . . 2 . . . . . Part Schematics Acquired 2 | . . . . . 2 . . . . . Parts Damaged . | . . . . . . . . . . . Bothacking | -11 -10 -10 -10 -9 -8 -8 -7 -7 -7 -6 ------------ Run | Scr Mat Min Exi Min Mat Sto Fac Low Dat Pro Used RIF Installer . | . . . . . . . . . . . Robots Hacked 7 | . . . 4 1 . 2 . . . . Non-combat 5 | . . . 3 1 . 1 . . . . Combat 2 | . . . 1 . . 1 . . . . Robot Hacks Applied 7 | . . . 4 1 . 2 . . . . parse_system 5 | . . . 4 . . 1 . . . . no_distress 2 | . . . . 1 . 1 . . . . Relay Couplers Released . | . . . . . . . . . . . Fabnet Peak Effective % . | . . . . . . . . . . . Robots Rewired . | . . . . . . . . . . . Allies Hacked . | . . . . . . . . . . . Hacks Repelled . | . . . . . . . . . . . Allies | -11 -10 -10 -10 -9 -8 -8 -7 -7 -7 -6 -------- Run | Scr Mat Min Exi Min Mat Sto Fac Low Dat Pro Total Allies 16 | . . . . 2 1 12 . . . 1 Largest Group 11 | . . . . 2 2 11 . . . 1 Highest-Rated Group 273 | . . . . 43 43 273 . . . 96 Highest-Rated Ally 100 | . . . . 31 31 100 . . . 96 Total Orders . | . . . . . . . . . . . Ally Attacks 152 | . . . . 6 14 119 . . . 13 Total Damage 3814 | . . . . 81 260 3186 . . . 287 Kills 47 | . . . . 4 3 36 . . . 4 Allies Corrupted 1 | . . . . . . 1 . . . . Allies Melted . | . . . . . . . . . . . Intel | -11 -10 -10 -10 -9 -8 -8 -7 -7 -7 -6 ------- Run | Scr Mat Min Exi Min Mat Sto Fac Low Dat Pro Robot Analysis Total 5 | . 1 . . . 2 . 2 . . . Derelict Logs Recovered 4 | . . 1 . 2 . . . 1 . . Drone Launches . | . . . . . . . . . . . Drone Recoveries . | . . . . . . . . . . . Exploration | -11 -10 -10 -10 -9 -8 -8 -7 -7 -7 -6 ------------- Run | Scr Mat Min Exi Min Mat Sto Fac Low Dat Pro Turns Passed 14296 | 120 1171 958 345 519 3160 1126 5752 519 115 511 Spaces Moved 6333 | 56 685 638 232 356 1255 551 1811 355 79 315 Core 3 | 1 . . . . 2 . . . . . Treads . | . . . . . . . . . . . Legs . | . . . . . . . . . . . Wheels 6330 | 55 685 638 232 356 1253 551 1811 355 79 315 Hover . | . . . . . . . . . . . Flight . | . . . . . . . . . . . Fastest Speed 50 | 50 100 135 140 140 140 145 145 145 145 145 Average Speed 147 | 99 136 139 140 140 158 158 149 145 145 145 Slowest Speed 1750 | 100 175 140 140 140 1750 160 160 145 145 145 Overloaded Moves . | . . . . . . . . . . . Propulsion Burnouts . | . . . . . . . . . . . Robots Hopped . | . . . . . . . . . . . Cave-ins Triggered . | . . . . . . . . . . . Exploration Rate (%) 63 | 4 95 90 64 83 88 93 39 34 72 34 Regions Visited 10 Branch Regions 7 Pre-discovered Areas 5 | . 2 1 1 . . . . . 1 . Known Exits Taken 6 | . 1 . . . 1 1 1 1 1 . Unknown Exits Taken 4 | 1 . 1 1 1 . . . . . . Scrap Searched 4 | . . 1 . 1 . . . 1 . 1 Spaces Dug 62 | . . . . . 25 . 32 . . 5 Terrain Destroyed 286 | . . . . . 67 . 214 . . 5 Melee 26 | . . . . . 1 . 20 . . 5 Projectile 1 | . . . . . 1 . . . . . AOE 259 | . . . . . 65 . 194 . . . Terrain Rammed . | . . . . . . . . . . . Walls Destroyed . | . . . . . . . . . . . Machines Disabled . | . . . . . . . . . . . Actions | -11 -10 -10 -10 -9 -8 -8 -7 -7 -7 -6 --------- Run | Scr Mat Min Exi Min Mat Sto Fac Low Dat Pro Total 10152 | 88 825 683 250 375 1977 745 4424 359 80 346 Wait 2578 | . 44 23 . 13 353 58 2082 1 . 4 Move 6323 | 55 684 637 231 355 1254 550 1810 354 78 315 Hop . | . . . . . . . . . . . Pick Up 98 | 10 21 1 4 1 31 13 15 . . 2 Fast Attach 65 | 5 5 1 . . 25 8 18 1 . 2 Attach 58 | 2 3 1 2 . 18 4 21 2 . 5 Detach 24 | . 4 . . . 6 2 8 1 2 1 Swap 155 | . 5 5 5 4 21 19 96 . . . Drop 105 | 1 8 3 4 1 41 22 25 . . . Fire 672 | 15 49 12 . . 227 37 320 . . 12 Melee 47 | . . . 4 1 1 7 29 . . 5 Ram 2 | . 2 . . . . . . . . . Kick . | . . . . . . . . . . . Crush . | . . . . . . . . . . . Escape Stasis 16 | . . . . . . 16 . . . . Rewire . | . . . . . . . . . . . Trap 9 | . . . . . . 9 . . . . Miscellaneous . | . . . . . . . . . . . Route ------- -11/Scrapyard -10/Materials (discovered 4 exits: *Mat x3 / *Min) -10/Mines (discovered 3 exits: *Mat x2 / *Exi) -10/Exiles -9/Mines (discovered 2 exits: *Mat x2) -8/Materials (discovered 4 exits: *Fac x2 / *Sto x2) -8/Storage -7/Factory (discovered 3 exits: *Fac / *Low x2) -7/Lower Caves -7/Data Miner -6/Proximity Caves (discovered 1 exit: Fac) History --------- Turn | Location | Event 2 | -11/Scrapyard | Met Revision 17 17 | -11/Scrapyard | Discovered new exit (range 16) 121 | -11/Scrapyard | Entered Materials 265 | -10/Materials | Repaired Seismic Detector 333 | -10/Materials | Build established: Mutant 579 | -10/Materials | Discovered new exit (range 15) 769 | -10/Materials | Discovered new exit (range 8) 924 | -10/Materials | Central database locked down 1020 | -10/Materials | Core integrity fell below 50% 1028 | -10/Materials | Discovered new exit (range 13) 1201 | -10/Materials | Discovered new exit (range 16) 1221 | -10/Materials | Identified exit to Mines 1221 | -10/Materials | Identified exit to Materials 1292 | -10/Materials | Entered Mines 1299 | -10/Mines | Assembled infested the area 1354 | -10/Mines | Learned 2 Materials zone layouts 1440 | -10/Mines | Met a Derelict who couldn't figure out how to use a Trap Extractor 1455 | -10/Mines | Core integrity fell below 20% 1728 | -10/Mines | A weapon hastily lodged in a ceiling crevice suddenly fell to the ground 1841 | -10/Mines | Received a Rocket Launcher from a helpful Derelict 1978 | -10/Mines | Discovered exit to Materials (range 5) 2011 | -10/Mines | Learned location of Storage (-8) 2028 | -10/Mines | Discovered exit to Materials (range 16) 2245 | -10/Mines | Discovered new exit (range 5) 2250 | -10/Mines | Entered Exiles 2306 | -10/Exiles | Met 8R-AWN 2334 | -10/Exiles | Met EX-HEX 2397 | -10/Exiles | Met EX-DEC 2438 | -10/Exiles | Learned location of Zion (-6) 2461 | -10/Exiles | Met EX-BIN 2583 | -10/Exiles | Discovered new exit (range 10) 2595 | -10/Exiles | Entered Mines 2701 | -9/Mines | Learned Materials emergency access door positions 2809 | -9/Mines | Learned 2 Materials zone layouts 2897 | -9/Mines | Discovered new exit (range 6) 3039 | -9/Mines | Discovered new exit (range 9) 3114 | -9/Mines | Entered Materials 3114 | -8/Materials | Accompanied by 2 allies 3114 | -8/Materials | Evolved 4 slots: Utility x4 3115 | -8/Materials | Identified exit to Factory 3119 | -8/Materials | Led the pair of lost Derelicts to an unsafe place 3729 | -8/Materials | Build established: Scavenger-Mutant 4256 | -8/Materials | Discovered exit to Factory (range 7) 4271 | -8/Materials | Garrison activated, responded to threat 4395 | -8/Materials | Repaired Hvy. Armor Plating 4417 | -8/Materials | Build established: Mutant 4428 | -8/Materials | Discovered new exit (range 14) 4445 | -8/Materials | Garrison activated, responded to threat 5024 | -8/Materials | Lost 3 parts (1u2w) 5232 | -8/Materials | Identified exit to Storage 5514 | -8/Materials | First assault squad dispatched 5580 | -8/Materials | Core integrity fell below 50% 5788 | -8/Materials | Found Prototype Launcher 5788 | -8/Materials | Identified Rocket Array 5970 | -8/Materials | Sterilization system engaged 5970 | -8/Materials | Non-combat units ordered to evacuate 6070 | -8/Materials | Combat units ordered to evacuate 6270 | -8/Materials | Ambient heat levels rising (+10) 6274 | -8/Materials | Entered Storage 6313 | -8/Storage | Met 01-MTF 6527 | -8/Storage | Repaired Arm. Huge Wheel? 6667 | -8/Storage | Repaired Imp. Deuterium Engine 7024 | -8/Storage | Assisted by bots powering up and referring to "LRC-V3" 7074 | -8/Storage | First assault squad dispatched 7096 | -8/Storage | Garrison activated, responded to threat 7384 | -8/Storage | Destroyed 01-MTF 7391 | -8/Storage | Found 01-MTF's Autohacker 7400 | -8/Storage | Entered Factory 7400 | -7/Factory | Evolved 2 slots: Utility x2 7550 | -7/Factory | Fabricated Hacking Suite? 7678 | -7/Factory | Build established: Hacker-Mutant 7698 | -7/Factory | Fabricated System Shield? 8219 | -7/Factory | Identified exit to Lower Caves 8485 | -7/Factory | Found Powered Armor 8714 | -7/Factory | Fabricated Energy Filter? 8927 | -7/Factory | Discovered new exit (range 11) 9234 | -7/Factory | Found Powered Armor 10600 | -7/Factory | First assault squad dispatched 12386 | -7/Factory | Lost 4 parts (1n2u1w) 12403 | -7/Factory | Destroyed 8 combat bots 12622 | -7/Factory | Build established: Mutant 12776 | -7/Factory | High security lockdown imminent 12836 | -7/Factory | Core integrity fell below 50% 12856 | -7/Factory | High security lockdown engaged 12869 | -7/Factory | Destroyed 8 combat bots 12986 | -7/Factory | System corruption reached 10% 13145 | -7/Factory | Lost 3 parts (1u2w) 13152 | -7/Factory | Entered Lower Caves 13440 | -7/Lower Caves | Build established: Skirmisher 13588 | -7/Lower Caves | Learned location of 1 exit from Proximity Caves 13607 | -7/Lower Caves | A Derelict revealed a hidden shortcut to meet someone special 13612 | -7/Lower Caves | Identified exit to Data Miner 13671 | -7/Lower Caves | Entered Data Miner 13672 | -7/Data Miner | Discovered new exit (range 6) 13680 | -7/Data Miner | Identified exit to Proximity Caves 13694 | -7/Data Miner | Met Data Miner 13729 | -7/Data Miner | Learned location of Section 7 (-2) 13729 | -7/Data Miner | Acquired the access code to Warlord's prototype stash 13752 | -7/Data Miner | Received God Mode back door access code from Data Miner 13786 | -7/Data Miner | Entered Proximity Caves 13787 | -6/Proximity Caves | Identified exit to Factory 13788 | -6/Proximity Caves | Attracted the attention of an 0b10 checkpoint 13791 | -6/Proximity Caves | Core integrity fell below 20% 13837 | -6/Proximity Caves | Lost 5 parts (1p2u2w) 13975 | -6/Proximity Caves | Build established: Mutant 13983 | -6/Proximity Caves | Escorted by Enhanced Grunt 14135 | -6/Proximity Caves | Attracted the attention of an 0b10 outpost 14297 | -6/Proximity Caves | Destroyed by H-66 Slayer with Heavy Assault Rifle Last Messages --------------- 14182_ System corrupted: Energy discharge (-51). 14213_ System corrupted: Heat flow error (+192). 14238_ System corrupted: Matter fused (-5). 14254_ System corrupted: Heat flow error (+233). 14260_ Acquired 2 matter. 14263_ Acquired 5 matter. 14263_ Acquired 1 matter. 14263_ Acquired 4 matter. 14263_ Acquired 2 matter. 14263_ Acquired 5 matter. 14263_ Acquired 4 matter. 14263_ Acquired 2 matter. 14263_ Acquired 4 matter. 14263_ Acquired 1 matter. 14278_ VO-W5Q(k) breaks down the debris. 14280_ System corrupted: Component data lost. 14293_ Slug penetrates Wall. 14293_ Lgt. Angular Momentum Engine destroyed. 14294_ P-60 Hacker: "UNIQUE TECHNOLOGY DETECTED, NEUTRALIZE FOR ANALYSIS." 14295_ Slug penetrates Wall. Map ----- +----------------------------------------------------+ | ?????????????# #####???????????????????? | | ?????????????# #???????????????????????? | | ???####??????## ### #???????????????????????? | | ???? ??????###### ##??????????????????????? | | ??????# ######### ##?????????????????????? | | ??????# #?????????????????????? | | ????????### ##?????????????????????? | | ??????????# #??????????????????????? | | ??????##### ######??????????????????????? | | ?????## ### ####???????????????????????????? | | ?????# ## #??????????????????????????????? | | ????## ### ##?????????????????????????????? | | ???## ### ##????????????????????????????? | | ??## ##???????????????????????????? | | ?## #?####???#??????????????????? | | ?# #?# ##? #??????????????????? | | # ### ######?# #? #??????????????????? | | ???## ##???#### # #??????????????????? | | % ?????#### ###### ## # #??????????????????? | | # ??????????# ## h # ##??????#??????????? | | #????????#### ## p #???# #??????????? | | ?????????# # #?h ?? #??????????? | | ?????????# #### #??? ???????????? | | ????????## ## ## ^###?????????????? | | ??????### ;#?????????????? | | ???#### @ #??????????? | | ??## ##### #### ; #???????? | | ### #???# #????????????????????? | | ## k #??# #???????????????????? | | ## ###??## #???????????????????? | | ##?????# ##???????????????????? | | ### ##??????## ##????????????????????? | | ##### ##?####????????####?????????????????????? | | #???######???????????????????????????????????????? | | ?????????????????????????????????????????????????? | | ?????????????????????????????????????????????????? | | ?????????????????????????????????????????????????? | | ?????????????????????????????????????????????????? | | ?????????????????????????????????????????????????? | | ?????????????????????????????????????????????????? | | ?????????????????????????????????????????????????? | | ?????????????????????????????????????????????????? | | ?????????????????????????????????????????????????? | | ?????????????????????????????????????????????????? | | ?????????????????????????????????????????????????? | | ?????????????????????????????????????????????????? | | ?????????????????????????????????????????????????? | | ?????????????????????????????????????????????????? | | ?????????????????????????????????????????????????? | | | +----------------------------------------------------+ Best States ------------- Heat Dissipation 56 Energy Generation 18 Energy Capacity 790 Matter Stores 300 Matter Capacity 300 Sight Range 20 Robot Scan Range 15 Terrain Scan Density 10 Armor Coverage 750 Core Shielding 20 Weapon Shielding 66 Evasion (%) 40 Targeting Accuracy 6 Energy Filtering 30 Kinecelleration 30 Offensive Hacking 30 Defensive Hacking 10 Authchip Count 2 Trap Extractor Capacity 6 Item Schematics ----------------- Hacking Suite | -8/Materials | Scanalyzed Arm. Huge Wheel | -8/Materials | Scanalyzed System Shield | -8/Storage | Hacked Imp. Propulsion Shielding | -8/Storage | Hacked Energy Filter | -7/Factory | Hacked Combat Drone Bay | -7/Data Miner | Free Lgt. Regenerative Plating | -7/Data Miner | Free Cld. Cesium-ion Thruster | -7/Data Miner | Free Exp. Targeting Computer | -7/Data Miner | Free Imp. Heavy Machine Gun | -7/Data Miner | Free Nuclear Pulse Array | -7/Data Miner | Free Imp. Thermal Shield | -7/Data Miner | Free Hvy. Phase Cannon | -7/Data Miner | Free Imp. Corruption Screen | -7/Data Miner | Free HERF Cannon | -7/Data Miner | Free Adv. Focal Shield | -7/Data Miner | Free Robot Schematics ------------------ Y-45 Defender | -7/Factory | Hacked B-48 Gladiator | -7/Data Miner | Free S-27 Virus | -7/Data Miner | Free A-15 Conveyor | -7/Data Miner | Free Fabricated ------------ Hacking Suite | x1 | -7/Factory | Authchip System Shield | x1 | -7/Factory | Authchip Energy Filter | x2 | -7/Factory Alien Tech Used ----------------- None Achievements -------------- None Challenges ------------ None Game ------ Seed SmallCloakingMegatreads Manual? 0 Play Time 02:22:43 Cumulative 550.0 hours Start 2022.06.01 @ 18:40:24 End 2022.06.01 @ 21:06:10 Sessions 1 Manual Loads 0 Difficulty Rogue Special Mode None Game No. 443 Rogue 443 Adventurer 0 Explorer 0 Win Type - Total 5 Types 4/0/0/1/0/0/0/0/0 Lore% 71 Gallery% 83 Achievement% 66 Wizard Run 0 Options --------- ASCII 0 Keyboard 1 Movement Numpad Keybinds 0 Fullscreen 1 Font 12/Terminus Map View 83x54 Tactical HUD 1 Map Filters NONE Filters NONE Steam 1 RUN: e16fdb77-499b-48fa-a010-913bd19e8f68